 Dungeon Crawl Stone Soup version 0.22-a0-596-gfbd32a6 (webtiles) character file.

32 suicidejoker the Sneak (level 3, 0/26 HPs)
             Began as an Octopode Monk on July 6, 2018.
             Slain by an adder (4 damage)
             ... on level 2 of the Dungeon.
             The game lasted 00:01:24 (695 turns).

suicidejoker the Sneak (Octopode Monk)               Turns: 695, Time: 00:01:25

Health: 0/26       AC:  1    Str:  9 (11) XL:     3   Next: 27%
Magic:  3/3        EV: 14    Int:  9 (12) God:
Gold:   31         SH:  0    Dex: 12 (14) Spells: 2/2 levels left

rFire    . . .     SeeInvis .     - Unarmed
rCold    . . .     Gourm    .   (no shield)
rNeg     . . .     Faith    .   (helmet restricted)
rPois    .         Spirit   .   (no amulet)
rElec    .         Reflect  .   e - ring of teleportation (curse)
rCorr    .         Harm     .   (no ring)
MR       .....     Rnd*Tele +   (no ring)
Stlth    +++.......             (no ring)
HPRegen  0.08/turn              (no ring)
MPRegen  0.08/turn              (no ring)
                                (no ring)
                                (no ring)

@: lethally poisoned (0 -> -5)
A: almost no armour, stealthy swim, amphibious, 8 rings, constrict 8, camouflage
1, gelatinous body 1
a: no special abilities


You were on level 2 of the Dungeon.
You were not hungry.

You visited 1 branch of the dungeon, and saw 2 of its levels.

You collected 31 gold pieces.

Inventory:

Missiles
 i - 10 poisoned needles
Jewellery
 e - a cursed ring of teleportation (left tentacle)
Scrolls
 b - a scroll of remove curse {unknown}
 c - 2 scrolls of teleportation {unknown}
 d - a scroll of immolation {unknown}
 g - a scroll of magic mapping {unknown}
Potions
 f - a potion of degeneration
 h - a potion of curing {unknown}
Comestibles
 a - 4 rations


   Skills:
 + Level 3.3 Fighting
 + Level 3.3 Dodging
 + Level 3.4 Stealth
 + Level 3.3 Unarmed Combat


You had 2 spell levels left.
You didn't know any spells.
Your spell library was empty.

Dungeon Overview and Level Annotations

Branches:
Dungeon (2/15)

Altars:


Innate Abilities, Weirdness & Mutations

You cannot wear most types of armour.
You are very stealthy in the water. (Stealth+)
You are amphibious.
You can wear up to eight rings at the same time.
You can use your tentacles to constrict eight enemies at once.
Your skin changes colour to match your surroundings (Stealth+).
Your rubbery body absorbs attacks. (AC +1, EV +1)


Message History

You tentacle-slap the bat but do no damage.
You grab the bat. You constrict the bat. The bat closely misses you.
The bat misses you.
You barely miss the bat.
You kill the bat!
You barely miss the worm. You grab the worm. You constrict the worm.
You feel sick.
You completely miss the worm.
The worm is lightly wounded.
You constrict the worm. The worm bites you!
* * * LOW HITPOINT WARNING * * *
The adder bites you.
* * * LOW HITPOINT WARNING * * *
You are lethally poisoned!
The adder poisons you!
It was a potion of degeneration.
There was something very wrong with that liquid.
You feel weakened.
You feel dopey.
You feel clumsy.
You constrict the worm. The adder bites you.
You die...

. .. .... #. ..... #.
#.....l .# #.
####......# ...
#.########.@S......#
...#.......##w##......#
#........g##g#..#....#
#....†S..l.†...##.#
#.....g#g.#.#####.#
#...........# ##.##
#.†....#..### #...# ##
..$..>..###.## #..<# .#
#......### #.# #...# .#


You could see a worm, 2 gnolls, an adder and a frilled lizard.

Vanquished Creatures
  2 dart slugs (D:1)
  2 leopard geckos (D:1)
  4 giant cockroaches
  A goblin (D:1)
  A hobgoblin (D:1)
  3 kobolds (D:1)
  6 bats
  3 frilled lizards
  4 rats
26 creatures vanquished.

Notes
Turn   | Place    | Note
-------+----------+-------------------------------------------
     0 | D:1      | suicidejoker the Octopode Monk began the quest for the Orb.
     0 | D:1      | Reached XP level 1. HP: 16/16 MP: 1/1
   151 | D:1      | Reached XP level 2. HP: 21/21 MP: 2/2
   422 | D:1      | Reached XP level 3. HP: 26/26 MP: 3/3
   695 | D:2      | Slain by an adder

Vault maps used:
D:1:      dpeg_arrival_connections
D:2:      first_ration

Skill      XL: |  1 |
---------------+----+-----
Stealth        | 3 |  3.4
Fighting       | |  3.3
Dodging        | |  3.3
Unarmed Combat | |  3.3

Action                   || total
-------------------------++-------
Melee: Unarmed           ||    55
       Constrict         ||    15
       Tentacles         ||    12
       Punch             ||     2
  Use: Potion            ||     1
 Stab: Sleeping          ||     9
Armor: Skin              ||     2
Dodge: Dodged            ||    40

Table legend:
 A = Spawn XP
 B = Non-spawn XP
 C = Spawn XP percentage of total XP
 D = Spawn monster count
 E = Non-spawn monster count
 F = Spawn count percentage of total count
 G = Total turns spent on level
                    A         B        C        D         E        F      G
               +---------+---------+-------+---------+---------+-------+---------
         Total |       0 |      47 |   0.0 |       0 |      26 |   0.0 |   695
               +---------+---------+-------+---------+---------+-------+---------
           D:1 |       0 |      38 |   0.0 |       0 |      19 |   0.0 |   648
           D:2 |       0 |       9 |   0.0 |       0 |       7 |   0.0 |    47
               +---------+---------+-------+---------+---------+-------+---------
